 Dungeon Crawl Stone Soup version 0.29.0-4-gdea44cf6ec (webtiles) character file.

Game seed: 18194097232251982765

32 concernfroge the Trooper (level 3, 0/30 HPs)
             Began as a Mummy Monk on Aug 27, 2022.
             Slain by a hobgoblin (3 damage)
             ... led by Robin
             ... on level 2 of the Dungeon.
             The game lasted 00:02:50 (1567 turns).

concernfroge the Trooper (Mummy Monk)               Turns: 1567, Time: 00:02:52

Health: 0/30       AC: 10    Str: 16    XL:     3   Next: 10%
Magic:  3/3        EV:  5    Int:  9    God:
Gold:   76         SH:  0    Dex: 14    Spells: 2/2 levels left

rFire   x . .      SeeInvis .   a - +0 hand axe
rCold   + . .      Faith    .   (no shield)
rNeg    + + +      Spirit   .   d - +0 plate armour
rPois   ∞          Reflect  .   (no helmet)
rElec   .          Harm     .   (no cloak)
rCorr   .          Rampage  .   (no gloves)
Will    .....                   (no boots)
Stlth   ..........              (no amulet)
HPRegen 0.10/turn               (no ring)
MPRegen 0.08/turn               (no ring)

@: no status effects
A: cold resistance 1, negative energy resistance 3, torment resistance 2, heat
vulnerability 1, in touch with death 1, no potions
a: no special abilities


You were on level 2 of the Dungeon.
You visited 1 branch of the dungeon, and saw 2 of its levels.

You collected 76 gold pieces.

Inventory:

Hand Weapons
 a - a +0 hand axe (weapon)
Missiles
 g - 2 poisoned darts (quivered)
Armour
 d - a +0 plate armour (worn)
Jewellery
 e - a ring of willpower
Scrolls
 b - 2 scrolls of teleportation {unknown}
 c - a scroll of magic mapping {unknown}
 f - 2 scrolls of amnesia {unknown}
 h - a scroll of enchant weapon {unknown}
 i - a scroll of identify {unknown}


   Skills:
 + Level 4.1 Fighting
 - Level 2.4 Axes
 + Level 0.7 Armour
 - Level 2.4 Dodging
 - Level 1.5 Stealth


You had 2 spell levels left.
You didn't know any spells.
Your spell library contained the following spells:

 Spells                   Type           Power      Damage    Failure   Level
 Summon Small Mammal      Summ           0%         N/A       100%        1
 Call Canine Familiar     Summ           0%         N/A       100%        3
 Summon Guardian Golem    Hex/Summ       0%         N/A       100%        3


Dungeon Overview and Level Annotations

Branches:
Dungeon (2/15)

Altars:

Annotations:
D:2 Robin


Innate Abilities, Weirdness & Mutations

You are immune to poison.
Your flesh is cold resistant. (rC+)
You are immune to negative energy. (rN+++)
You are immune to unholy pain and torment.
You are vulnerable to heat. (rF-)
You are in touch with the powers of death.
You do not drink.


Message History

The hobgoblin shouts!
You hear a shout!
Robin roars a battlecry!
The hobgoblins go into a battle-frenzy!
The goblin shouts! x2
A goblin comes into view. It is wielding a +0 dagger.
The hobgoblin shouts!
You hear a shout!
The hobgoblin barely misses you.
You hit Robin but do no damage. You hit the hobgoblin.
The hobgoblin barely misses you.
A hobgoblin comes into view.
Robin throws the goblin at you!
You hit the hobgoblin.
You kill the hobgoblin!
You hit the goblin.
You kill the goblin!
You hit Robin. Robin hits you but does no damage.
You hit Robin.
Robin is heavily wounded.
You hit the hobgoblin but do no damage. Robin hits you but does no damage.
The hobgoblin hits you but does no damage.
You hit Robin.
Robin is severely wounded.
You hit the hobgoblin. Robin throws the goblin at you!
The goblin completely misses you. The hobgoblin hits you.
You hit Robin but do no damage.
Robin is severely wounded.
You hit the goblin. You hit the hobgoblin but do no damage.
Robin hits you but does no damage.
You are electrocuted!!
Ouch! That really hurt!
* * * LOW HITPOINT WARNING * * *
The goblin hits you but does no damage.
The hobgoblin hits you but does no damage.
You closely miss Robin.
Robin is severely wounded.
You closely miss the hobgoblin. You hit the goblin.
Robin says, "Feeling lonely?"
Robin hits you with a +0 dagger of electrocution.
* * * LOW HITPOINT WARNING * * *
The goblin hits you but does no damage. The hobgoblin hits you.
You die...

############### #.............#
#...........gg#
##...........gg#############
#...........ggg@g.........>#
##...........g#############.###
............).#############...#
..############...........##.#.#
#.# #...........##.#.# #.#
#............#.#.# ..#
#..........†.#.#.# #####
#########.##.#.#.# #...#
#(##.....##


You could see Robin, 4 hobgoblins and 4 goblins.

Vanquished Creatures
  2 endoplasms (D:1)
  2 giant cockroaches (D:1)
  9 goblins
  5 hobgoblins
  3 kobolds
  A quokka (D:1)
  A ball python (D:2)
  2 bats
  A frilled lizard (D:1)
  2 rats (D:1)
28 creatures vanquished.

Notes
Turn   | Place    | Note
-------+----------+-------------------------------------------
     0 | D:1      | concernfroge the Mummy Monk began the quest for the Orb.
     0 | D:1      | Reached XP level 1. HP: 18/18 MP: 1/1
   283 | D:1      | Reached XP level 2. HP: 20/24 MP: 2/2
  1038 | D:1      | Reached skill level 4 in Fighting
  1290 | D:2      | Noticed Robin
  1455 | D:2      | Gained mutation: You are in touch with the powers of death.
                  | [Mummy growth]
  1455 | D:2      | Reached XP level 3. HP: 27/30 MP: 3/3
  1567 | D:2      | Slain by a hobgoblin

Illustrated notes

Levels and vault maps discovered:
D:1:      wander_arrival_fairy_ring, layout_loops_corners
D:2:      layout_basic, basic_altar, uniq_robin

Skill      XL: |  1  2 |
---------------+-------+-----
Fighting       | 4 |  4.1
Axes           | |  2.4
Armour         | |  0.7
Dodging        | |  2.4
Stealth        | |  1.5

Action                   || total
-------------------------++-------
Melee: Hand axe          ||    94
 Stab: Sleeping          ||     1
Armor: Plate armour      ||    74
       Robe              ||     1
Dodge: Dodged            ||    21
